 Dungeon Crawl Stone Soup version 0.30.1-3-gfc49f6343a (webtiles) character file.

Game seed: 4515770142702099747

42 Krazlmac the Ducker (level 3, -4/23 HPs)
             Began as a Tengu Monk on July 20, 2023.
             Slain by a gnoll
             ... wielding a +0 halberd
              (6 damage)
             ... on level 2 of the Dungeon.
             The game lasted 00:04:29 (687 turns).

Krazlmac the Ducker (Tengu Monk)                     Turns: 687, Time: 00:04:30

Health: -4/23      AC:  3    Str: 10    XL:     3   Next: 56%
Magic:  4/4        EV: 14    Int: 14    God:
Gold:   70         SH:  0    Dex: 17    Spells: 2/2 levels left

rFire   . . .        a - +0 spear
rCold   . . .        d - orb {light}
rNeg    . . .        b - +1 robe
rPois   .            (helmet restricted)
rElec   .            (no cloak)
rCorr   .            (no gloves)
SInv    .            (boots unavailable)
Will    +....        (no amulet)
Stlth   +            (no ring)
HPRegen 0.23/turn    (no ring)
MPRegen 0.09/turn

%: no passive effects
@: glowing
A: beak, talons 3, clever 1, strong-willed 1, evolution 1, noise suppression
a: no special abilities


You were on level 2 of the Dungeon.
You visited 1 branch of the dungeon, and saw 2 of its levels.

You collected 70 gold pieces.

Inventory:

Hand Weapons
 a - a +0 spear (weapon)
Missiles
 e - 2 curare-tipped darts (quivered)
Armour
 b - a +1 robe (worn)
 d - an orb of light (worn)
Potions
 c - a potion of ambrosia


   Skills:
 * Level 3.4 Fighting
 * Level 3.8 Polearms
 * Level 4.0 Dodging
 + Level 0.2 Stealth


You had 2 spell levels left.
You didn't know any spells.
Your spell library was empty.

Dungeon Overview and Level Annotations

Branches:
Dungeon (2/15)

Altars:


Innate Abilities, Weirdness & Mutations

You have a beak for a mouth.
You have claws for feet.
Your mind is acute. (Int +4, Str/Dex -1)
You are strong-willed. (Will+)
You have hidden genetic potential.
You passively dampen the noise of your surroundings.


Message History

You barely miss the kobold.
The kobold is moderately wounded.
The kobold closely misses you.
You hit the kobold but do no damage.
The kobold is moderately wounded.
The kobold barely misses you.
You hit the kobold but do no damage. You peck the kobold.
You kill the kobold!
Things that are here:
a +0 short sword; 3 stones; a kobold corpse
Things that are here:
a +0 short sword; a stone; a kobold corpse A jackal comes into view.
The jackal barks!
You hear a shout! x2
A goblin comes into view. It is wielding a +0 dagger.
A quokka and a gnoll come into view.
Found 13 gold pieces.
The gnoll shouts!
The jackal bites you.
A gnoll comes into view. It is wielding a +0 halberd.
You hit the jackal. You claw the jackal.
You kill the jackal!
A gnoll comes into view. It is wielding a +0 halberd.
The gnoll shouts!
The gnoll closely misses you.
You see here a jackal corpse.
The gnoll closely misses you. The quokka barely misses you.
You hit the quokka.
The quokka is moderately wounded.
The quokka bites you.
A gnoll comes into view. It is wielding a +0 spear.
The gnoll hits you with a +0 halberd!
Ouch! That really hurt!
The gnoll shouts!
You hit the quokka. You claw the quokka.
You kill the quokka!
The gnoll hits you with a +0 halberd.
* * * LOW HITPOINT WARNING * * *
The gnoll hits you from afar with a +0 halberd.
You die...

.... #.####.......##
..... #.....).......#
...## ####..........#
..g.#######†.........#
#.g......)........## .
#.gg.#).###.......#
.......#g#.#............#
........#.#.####........#
.....#r#..@#.# #........#
......#.#?#...# #......
..^....#.#.#..# ....
.$......# # .... ........
#### .....# ...# ..


You could see 4 gnolls and a goblin.

Vanquished Creatures
  4 bats
  4 endoplasms (D:1)
  2 giant cockroaches
  6 goblins
  A hobgoblin (D:2)
  A jackal (D:2)
  3 quokkas
  5 ball pythons
  2 frilled lizards
  3 kobolds
  5 rats
36 creatures vanquished.

Notes
Turn   | Place    | Note
-------+----------+-------------------------------------------
     0 | D:1      | Krazlmac the Tengu Monk began the quest for the Orb.
     0 | D:1      | Reached XP level 1. HP: 14/14 MP: 2/2
    49 | D:1      | Reached XP level 2. HP: 19/19 MP: 3/3
    80 | D:1      | Gained mutation: You have hidden genetic potential. [potion
                  | of mutation]
    80 | D:1      | Gained mutation: You passively dampen the noise of your
                  | surroundings. [potion of mutation]
    80 | D:1      | Gained mutation: Your mind is acute. (Int +4, Str/Dex -1)
                  | [potion of mutation]
   306 | D:1      | Reached XP level 3. HP: 12/23 MP: 4/4
   590 | D:1      | Gained mutation: You are strong-willed. (Will+) [hidden
                  | potential]
   665 | D:2      | Reached skill level 4 in Dodging
   687 | D:2      | Slain by a gnoll

Illustrated notes

Levels and vault maps discovered:
D:1:      dpeg_arrival_subterranean_lakeside_camping, layout_basic
D:2:      layout_rooms, basic_altar, minmay_tiny_reverse_x

Skill      XL: |  1  2  3 |
---------------+----------+-----
Dodging        | 4 |  4.0
Fighting       | |  3.4
Polearms       | |  3.8
Stealth        | |  0.2

Action                     || total
---------------------------++-------
  Melee: Spear             ||    63
         Peck              ||    11
         Kick              ||    11
    Use: Potion            ||     2
         Scroll            ||     2
 Armour: Robe              ||    10
  Dodge: Dodged            ||    43
